 Dungeon Crawl Stone Soup version 0.30-a0-12-gd8047c6341 (webtiles) character file.

Game seed: 2983915128685079479

625 NinjaNoafa the Grasshopper (level 7, 0/55 HPs)
             Began as a Palentonga Warper on Aug 23, 2022.
             Was an Initiate of Ru.
             Slain by Edmund
             ... wielding a +2 flail of protection
              (6 damage)
             ... on level 4 of the Dungeon.
             The game lasted 00:11:33 (4065 turns).

NinjaNoafa the Grasshopper (Palentonga Warper)      Turns: 4065, Time: 00:11:34

Health: 0/55       AC: 12    Str: 16    XL:     7   Next: 23%
Magic:  9/11       EV:  9    Int: 16    God:    Ru [......]
Gold:   229        SH:  0    Dex:  9    Spells: 10/12 levels left

rFire   . . .      SeeInvis +    a - +2 whip (flame)
rCold   . . .      Faith    .    (no shield)
rNeg    . . .      Spirit   .    b - +0 leather armour
rPois   .          Reflect  .    t - +0 helmet
rElec   .          Harm     .    (no cloak)
rCorr   .          Rampage  .    (no gloves)
Will    .....                    (no barding)
Stlth   +.........               (no amulet)
HPRegen 0.18/turn                (no ring)
MPRegen 0.12/turn                (no ring)

@: flying, curled up
A: large, rugged brown scales 3, see invisible, deformed body, roll 1, armoured
tail, reflexive curl
a: Rolling Charge, Renounce Religion


You were on level 4 of the Dungeon.
You worshipped Ru.
Ru was noncommittal.
You visited 1 branch of the dungeon, and saw 4 of its levels.

You collected 229 gold pieces.

Inventory:

Hand Weapons
 a - a +2 whip of flaming (weapon)
 h - a +2 spear of protection
Missiles
 d - 4 boomerangs of dispersal (quivered)
 i - 36 stones
Armour
 b - a +0 leather armour (worn)
 t - a +0 helmet (worn)
Scrolls
 c - 2 scrolls of blinking
 j - a scroll of teleportation
 n - 3 scrolls of fear
 o - a scroll of butterflies
Potions
 f - 2 potions of flight
 g - a potion of attraction
 q - 2 potions of haste


   Skills:
 - Level 3.0 Fighting
 + Level 2.0 Maces & Flails
 - Level 3.0 Polearms
 - Level 0.6 Throwing
 - Level 1.0 Armour
 - Level 2.0 Dodging
 - Level 3.0 Spellcasting
 + Level 6.6 Translocations


You had 10 spell levels left.
You knew the following spells:

 Your Spells              Type           Power      Damage    Failure   Level
a - Blink                 Tloc           46%        N/A       2%          2

Your spell library contained the following spells:

 Spells                   Type           Power      Damage    Failure   Level
 Gell's Gravitas          Tloc           23%        N/A       4%          3
 Lesser Beckoning         Tloc           23%        N/A       4%          3
 Teleport Other           Tloc           23%        N/A       4%          3
 Slow                     Hex            8%         N/A       22%         1
 Manifold Assault         Tloc           23%        N/A       38%         5


Dungeon Overview and Level Annotations

Branches:
Dungeon (4/15)
 Temple: D:4-7

Altars:
Kikubaaqudgha
Ru
Zin

Annotations:
D:4 Edmund


Innate Abilities, Weirdness & Mutations

You are completely covered in rugged brown scales. (AC +3, +7% HP)
You have supernaturally acute eyesight. (SInv)
Armour fits poorly on your strangely shaped body.
You can roll at nearby foes to attack.
You have a long armoured tail.
You curl defensively after being hit. (AC +7*)


Message History

Edmund is moderately wounded.
Edmund says, "You wouldn't believe how much I paid for this flail."
Edmund barely misses you.
You hit Edmund but do no damage.
Edmund is moderately wounded.
Edmund says, "I'm quite good with sums, too."
Edmund hits you with a +2 flail of protection.
You hit Edmund but do no damage. You tail-slap Edmund.
Edmund is moderately wounded.
Edmund hits you with a +2 flail of protection.
It was a potion of cancellation.
You feel magically purged.
Edmund hits you with a +2 flail of protection.
Okay, then.
It was a potion of flight.
You feel very buoyant.
You fly up into the air.
Edmund barely misses you.
You hit Edmund but do no damage.
Edmund is moderately wounded.
Edmund hits you with a +2 flail of protection!
You barely miss Edmund. You tail-slap Edmund!
Edmund is heavily wounded.
Edmund hits you with a +2 flail of protection.
You barely miss Edmund. You tail-slap Edmund.
Edmund is heavily wounded.
Edmund completely misses you.
Okay, then.
You hit Edmund but do no damage.
Edmund is heavily wounded.
Edmund hits you but does no damage.
Casting: Blink (safe; 2% risk of failure)
Confirm with . or Enter, or press ? or * to list all spells.
You blink.
Found a crooked fluorescent wand.
Edmund attacks as you move away!
Edmund hits you with a +2 flail of protection!
* * * LOW HITPOINT WARNING * * *
You hit Edmund but do no damage.
Edmund is heavily wounded.
You feel stable enough to blink again.
Edmund hits you with a +2 flail of protection.
You die...

*,,,~,,~,,~,,~,,***** *,,*,,*,,,
****~~,,,,,,~....#,,* **,*,**,*,
**********#...#,,* *,,,,**,**
##...#*,* *,,***,,*,
#....##,***#,,,,,,,*,
#?....,,,...,,,,,,,,,
######....#*##.##**,,,,,,,
#.........#*..../**,,,,,,,
#........@#......,*,,,,,,,
***##.......#@#......,*,,,,,,,
****,,......÷.##....._..,,,,,,,,,
,,,,,,........§..#.......*,,,,,,,
,,,,,,........#..#.......*,,,,,,,
,,,,,,...#######.#*.....**,,,*,,,
*****,..,,,* #.####.###*,,,,,,,
*,.,,*,**#*#$........,,*****,
*,,,,*~#.♣~#.÷....#.#*** *,


You could see Edmund.

Vanquished Creatures
  Pikel (D:4)
  An iguana (D:3)
  A hound (D:4)
  4 adders
  A worm (D:3)
  3 dart slugs
  5 ball pythons
  7 endoplasms
  5 giant cockroaches
  11 goblins
  6 hobgoblins
  5 quokkas
  5 bats
  4 frilled lizards
  9 kobolds
  5 rats
73 creatures vanquished.

Vanquished Creatures (others)
  A fungus (D:1)
1 creature vanquished.

Grand Total: 74 creatures vanquished

Notes
Turn   | Place    | Note
-------+----------+-------------------------------------------
     0 | D:1      | NinjaNoafa the Palentonga Warper began the quest for the
                  | Orb.
     0 | D:1      | Reached XP level 1. HP: 17/17 MP: 3/3
   539 | D:1      | Reached XP level 2. HP: 22/23 MP: 5/5
   793 | D:1      | Found a faded altar of an unknown god.
   810 | D:1      | Got Plato's Omnibus of Curses
   890 | D:1      | Reached skill level 4 in Translocations
  1672 | D:2      | Reached XP level 3. HP: 18/28 MP: 6/6
  1675 | D:2      | Learned a level 2 spell: Blink
  2593 | D:3      | Found a sacrificial altar of Ru.
  2603 | D:3      | Became a worshipper of Ru the Awakened
  2623 | D:3      | Reached XP level 4. HP: 31/35 MP: 7/7
  2627 | D:3      | Reached skill level 5 in Translocations
  2894 | D:3      | Found an ancient bone altar of Kikubaaqudgha.
  2905 | D:3      | Reached skill level 1 in Armour
  3038 | D:3      | Reached skill level 1 in Polearms
  3318 | D:3      | Reached XP level 5. HP: 25/41 MP: 8/8
  3815 | D:4      | Noticed a lemure
  3816 | D:4      | Noticed a lemure
  3817 | D:4      | Noticed a lemure
  3819 | D:4      | Noticed Pikel
  3825 | D:4      | Found a glowing silver altar of Zin.
  3841 | D:4      | Noticed a lemure
  3862 | D:4      | Killed Pikel
  3863 | D:4      | Reached skill level 6 in Translocations
  3863 | D:4      | Reached XP level 6. HP: 16/50 MP: 8/10
  3863 | D:4      | Gained mutation: You curl defensively after being hit. (AC
                  | +7*) [Palentonga growth]
  3863 | D:4      | Reached XP level 7. HP: 17/55 MP: 8/11
  4044 | D:4      | Noticed Edmund
  4065 | D:4      | Slain by Edmund

Illustrated notes

Levels and vault maps discovered:
D:1:      kennysheep_arrival_forest, layout_basic,
          shapermc_ecumenical_altar_rom_forum
D:2:      layout_loops_ring, serial_park_tiny_2, minmay_worlds_worst_comb
D:3:      layout_rooms, mainiacjoe_overflow_chevrons,
          mainiacjoe_overflow_boulevard, grunt_decor_cap
D:4:      layout_rooms, old_standard_altar, serial_rivers,
          chequers_serial_rivers_small_3, chequers_serial_rivers_marsh,
          chequers_serial_rivers_room_a, chequers_serial_rivers_micro_a,
          chequers_serial_rivers_marsh, uniq_edmund, uniq_ijyb,
          uniq_blork_the_orc, uniq_pikel, uniq_natasha

Skill      XL: |  1  2  3  4  5 |
---------------+----------------+-----
Translocations | 4 5 6 |  6.6
Armour         | 1 |  1.0
Polearms       | 1 3 |  3.0
Dodging        | 2 |  2.0
Fighting       | 3 |  3.0
Spellcasting   | 3 |  3.0
Maces & Flails | |  2.0
Throwing       | |  0.6

Action                   |  1- 3 |  4- 6 |  7- 9 || total
-------------------------+-------+-------+-------++-------
Melee: Mace              |    46 |       |       ||    46
       Punch             |     2 |     1 |       ||     3
       Spear             |    68 |    81 |     1 ||   150
       Tailslap          |     5 |     5 |     4 ||    14
       Whip              |       |       |    12 ||    12
Throw: Boomerang         |     3 |       |       ||     3
 Cast: Blink             |     1 |     2 |     1 ||     4
 Abil: Rolling Charge    |    37 |    21 |       ||    58
  Use: Scroll            |       |     9 |       ||     9
       Potion            |       |     3 |     3 ||     6
Armor: Leather armour    |    33 |    55 |     1 ||    89
Dodge: Dodged            |    40 |    51 |     4 ||    95

Table legend: (Time is in decaauts)
 A = Elapsed time spent in this place.
 B = Non-inter-level travel time spent in this place.
 C = Inter-level travel time spent in this place.
 D = Time resting spent in this place.
 E = Time spent auto-exploring this place.
 F = Levels seen in this place.
 G = Mean time per level.
                   A        B        C        D        E       F      G
               +--------+--------+--------+--------+--------+-----+--------+
         Total |   4100 |   4016 |     84 |    190 |   3306 |   4 | 1025.0 |
       Dungeon |   4100 |   4016 |     84 |    190 |   3306 |   4 | 1025.0 |
               +--------+--------+--------+--------+--------+-----+--------+

Top non-repeatable levels by time:
     D:1: 1675 daAuts
     D:3: 1226 daAuts
     D:2: 937 daAuts
     D:4: 261 daAuts
